 Dungeon Crawl Stone Soup version 0.31.0-2-g5a2aebc5c2 (webtiles) character file.

Game seed: 8121720688359502141

1086 EnegeticOcto the Chopper (level 8, -1/70 HPs)
             Began as a Minotaur Fighter on Jan 20, 2024.
             Slain by a gnoll
             ... wielding a +0 halberd
             ... led by a gnoll sergeant
              (3 damage)
             ... on level 6 of the Dungeon.
             The game lasted 00:02:43 (4003 turns).

EnegeticOcto the Chopper (Minotaur Fighter)         Turns: 4003, Time: 00:02:44

Health: -1/70      AC: 16    Str: 22    XL:     8   Next: 9%
Magic:  7/7        EV:  8    Int:  5    God:
Gold:   263        SH:  5    Dex: 11    Spells: 7/7 levels left

rFire   . . .        a - +0 war axe (heavy)
rCold   . . .        c - +0 buckler
rNeg    . . .        p - +2 chain mail {rPois}
rPois   +            (helmet restricted)
rElec   .            o - +0 cloak
rCorr   .            r - +2 pair of gloves
SInv    .            (no boots)
Will    .....        (no amulet) Stlth
                     (no ring)
HPRegen 0.31/turn    (no ring)
MPRegen 0.10/turn

%: no passive effects
@: no status effects
A: horns 2, retaliatory headbutt
a: no special abilities


You were on level 6 of the Dungeon.
You visited 1 branch of the dungeon, and saw 6 of its levels.

You collected 263 gold pieces.

Inventory:

Hand Weapons
 a - a +0 heavy war axe (weapon)
Missiles
 t - a throwing net (quivered)
Armour
 b - a +0 scale mail
 c - a +0 buckler (worn)
 i - a +0 plate armour
   (You found it on level 1 of the Dungeon)
 o - a +0 cloak (worn)
   (You found it on level 2 of the Dungeon)
 p - a +2 chain mail of poison resistance (worn)
   (You found it on level 2 of the Dungeon)
 r - a +2 pair of gloves (worn)
   (You found it on level 3 of the Dungeon)
Wands
 n - a wand of paralysis (11)
   (You took it off Ijyb on level 5 of the Dungeon)
Scrolls
 e - 2 scrolls of fear
 g - 2 scrolls of butterflies
 j - 5 scrolls of vulnerability
 l - a scroll of identify {@r1}
 q - 2 scrolls of teleportation {@r3}
 s - 3 scrolls of immolation
 u - a scroll of poison
Potions
 d - 2 potions of might {@q3}
 f - a potion of brilliance
 h - a potion of heal wounds {@q2}
 k - a potion of cancellation
 m - 3 potions of attraction {unknown}


   Skills:
 + Level 6.2 Fighting
 * Level 7.6 Axes
 + Level 6.2 Armour
 + Level 6.1 Shields


You had 7 spell levels left.
You didn't know any spells.
Your spell library was empty.

Dungeon Overview and Level Annotations

Branches:
Dungeon (6/15)
 Temple: D:4-7

Altars:
Elyvilon
Fedhas
Nemelex Xobeh
Qazlal
Xom
Yredelemnul

Shops:
D:2 ?:?

Annotations:
D:4 1 runed translucent door


Innate Abilities, Weirdness & Mutations

You have a pair of horns on your head.
You reflexively headbutt those who attack you in melee.


Message History

The orc barely misses you. You furiously retaliate!
You headbutt the orc.
You kill the orc!
You have reached level 8!
You feel agile.
You completely miss the orc. You headbutt the orc.
The orc is almost dead.
The orc hits you but does no damage. The gnoll completely misses you.
The gnoll hits you but does no damage. The orc hits you but does no damage.
You hit the orc.
The orc is almost dead.
You block the orc's attack.
A gnoll comes into view. It is wielding a +0 club.
You block the gnoll sergeant's attack. The gnoll hits you but does no damage.
The gnoll sergeant hits you from afar with a +4 spear of pain.
You writhe in agony.
The gnoll hits you but does no damage. The orc completely misses you.
The gnoll shouts!
You slash the orc!
You kill the orc!
The gnoll sergeant closely misses you.
The gnoll hits you from afar with a +0 halberd.
A gnoll comes into view.
It is wielding a +0 flail and quivering 2 throwing nets.
The gnoll sergeant hits you from afar with a +4 spear of pain!
The gnoll hits you but does no damage.
The gnoll hits you from afar with a +0 halberd!
You barely miss the gnoll sergeant. You closely miss the gnoll.
The gnoll sergeant hits you with a +4 spear of pain.
You writhe in agony.
You block the gnoll's attack. x2
You slice the gnoll sergeant!!
You kill the gnoll sergeant!
You barely miss the gnoll. The gnoll barely misses you.
The gnoll throws a throwing net.
The throwing net hits you.
You become entangled in the net!
The gnoll hits you with a +0 club. The gnoll closely misses you.
The gnoll hits you with a +0 club.
You are too injured to fight recklessly!
You are too injured to fight recklessly!
You are too injured to fight recklessly!
You are too injured to fight recklessly!
You are too injured to fight recklessly!
You are too injured to fight recklessly!
You are too injured to fight recklessly!
You are too injured to fight recklessly!
You are too injured to fight recklessly!
You are too injured to fight recklessly!
You struggle against the net.
The gnoll barely misses you. The gnoll hits you with a +0 club.
The gnoll hits you but does no damage.
You struggle against the net.
The gnoll hits you from afar with a +0 halberd.
* * * LOW HITPOINT WARNING * * *
The gnoll hits you with a +0 club.
* * * LOW HITPOINT WARNING * * *
The gnoll hits you but does no damage.
You rip the net and break free!
The gnoll barely misses you.
The gnoll hits you but does no damage. x2
You hit the gnoll.
The gnoll is moderately wounded.
You closely miss the gnoll. You block the gnoll's attack.
The gnoll barely misses you. The gnoll hits you but does no damage.
You block the gnoll's attack.
The gnoll hits you from afar with a +0 halberd.
* * * LOW HITPOINT WARNING * * *
The gnoll hits you but does no damage.
An orc wizard comes into view.
It is wielding a +0 dagger and wearing a +1 robe of willpower.
You slash the gnoll! You headbutt the gnoll.
You kill the gnoll!
You closely miss the gnoll. The gnoll hits you but does no damage.
The gnoll hits you with a +0 flail.
* * * LOW HITPOINT WARNING * * *
You closely miss the gnoll. You headbutt the gnoll.
The gnoll is lightly wounded.
You block the gnoll's attack. The gnoll hits you but does no damage.
The gnoll barely misses you. You furiously retaliate!
You headbutt the gnoll, but do no damage.
You block the gnoll's attack. The orc wizard casts a spell at you.
You are confused.
You closely miss the gnoll. Your headbutt misses the gnoll.
The gnoll is lightly wounded.
The gnoll barely misses you. x2; The gnoll hits you but does no damage. x2
The gnoll barely misses you.
The orc wizard hits you but does no damage.
The gnoll barely misses you.
Things that are here:
a +0 club; a gnoll corpse The gnoll hits you with a +0 halberd!
* * * LOW HITPOINT WARNING * * *
The orc wizard hits you but does no damage.
The gnoll hits you with a +0 flail!
* * * LOW HITPOINT WARNING * * *
You're too confused to move!
The gnoll hits you with a +0 flail.
* * * LOW HITPOINT WARNING * * *
The gnoll hits you but does no damage.
The orc wizard hits you but does no damage.
You closely miss the orc wizard. You barely miss the gnoll. x2
You feel less confused. You block the gnoll's attack.
The orc wizard hits you but does no damage.
You block the gnoll's attack. The gnoll hits you but does no damage.
The gnoll hits you with a +0 halberd.
You die...

#. # #. #
..# #.##.
#..#
##.#.###..
#.....#.#
#...@o..#
#..g)g..#..
#.).........
#...).......
#.<)).......
#..###..#...
##.# ......
#.# ..#..#
#.> ..#..


You could see an orc wizard and 2 gnolls.

Vanquished Creatures
  A steam dragon (D:6)
  A black bear (D:6)
  2 phantoms (D:5)
  A gnoll sergeant (D:6)
  A scorpion (D:5)
  A bombardier beetle (D:5)
  An orc priest (D:3)
  3 hounds (D:5)
  3 iguanas (D:5)
  2 scorpion zombies (D:5)
  Ijyb (D:5)
  An orc wizard (D:6)
  2 hound zombies (D:5)
  5 gnolls
  A howler monkey skeleton (D:5)
  9 adders
  2 ufetubi (D:5)
  2 adder zombies (D:5)
  An adder skeleton (D:5)
  4 dart slugs
  2 ribbon worms
  8 orcs
  5 bats
  4 endoplasms
  5 giant cockroaches
  3 hobgoblins
  3 quokkas
  6 ball pythons
  4 frilled lizards
  9 goblins
  A goblin skeleton (D:4)
  A jackal skeleton (D:4)
  5 kobolds
  A kobold skeleton (D:4)
  5 rats
106 creatures vanquished.

Notes
Turn   | Place    | Note
-------+----------+-------------------------------------------
     0 | D:1      | EnegeticOcto the Minotaur Fighter began the quest for the
                  | Orb.
     0 | D:1      | Reached XP level 1. HP: 19/19 MP: 0/0
    43 | D:1      | Reached XP level 2. HP: 13/27 MP: 1/1
   173 | D:1      | Reached skill level 3 in Axes
   394 | D:1      | Reached XP level 3. HP: 31/33 MP: 2/2
   747 | D:2      | Found Watoh's Magic Scroll Shoppe.
   787 | D:2      | Found Besauk's Vocational Training.
   793 | D:2      | Found Ashrema's Magic Scroll Shop.
   910 | D:2      | Reached XP level 4. HP: 40/40 MP: 3/3
  1142 | D:2      | Reached skill level 4 in Axes
  1691 | D:3      | Reached XP level 5. HP: 17/47 MP: 4/4
  1815 | D:3      | Found a faded altar of an unknown god.
  1819 | D:3      | Found the sphere of Battle
  1869 | D:3      | Found a white marble altar of Elyvilon.
  1870 | D:3      | Found a stormy altar of Qazlal.
  1873 | D:3      | Found a blossoming altar of Fedhas.
  1874 | D:3      | Found a sparkling altar of Nemelex Xobeh.
  2708 | D:4      | Found a runed translucent door.
  2708 | D:4      | Noticed a human
  2715 | D:4      | Found a basalt altar of Yredelemnul.
  3066 | D:4      | Reached skill level 5 in Axes
  3200 | D:5      | Entered Level 5 of the Dungeon
  3271 | D:5      | Noticed a phantom
  3280 | D:5      | Killed a phantom
  3281 | D:5      | Reached XP level 6. HP: 54/55 MP: 5/5
  3357 | D:5      | Found a shimmering altar of Xom.
  3361 | D:5      | Noticed Ijyb
  3362 | D:5      | Reached skill level 5 in Fighting
  3368 | D:5      | Killed Ijyb
  3369 | D:5      | Reached skill level 5 in Armour
  3369 | D:5      | Reached skill level 5 in Shields
  3417 | D:5      | Reached skill level 6 in Axes
  3482 | D:5      | Reached XP level 7. HP: 59/61 MP: 6/6
  3828 | D:5      | Found a sand-covered staircase.
  3980 | D:6      | Noticed a steam dragon
  3983 | D:6      | Killed a steam dragon
  3984 | D:6      | Reached skill level 7 in Axes
  3987 | D:6      | Reached XP level 8. HP: 66/70 MP: 7/7
  4001 | D:6      | HP: 2/70 [gnoll/+0 flail[a gnoll sergeant] (7)]
  4003 | D:6      | Slain by a gnoll

Illustrated notes

Levels and vault maps discovered:
D:1:      dpeg_arrival_round_b, layout_basic
D:2:      layout_loops_ring, serial_shops, shop, shop, nicolae_shop_vocational
D:3:      minmay_spotlight, layout_basic, mainiacjoe_overflow_alcove_3,
          ebering_ecumenical_altar_sacrificial
D:4:      layout_loops_ring, dk_yredelemnul_ordeal, grunt_ministairs_13
D:5:      layout_loops_cross, xom_teletrap_fun,
          mainiacjoe_ossuary_entry_find_the_door, uniq_ijyb
D:6:      layout_loops_ring, cheibrodos_sewer_entry_sluice, uniq_sigmund

Skill      XL: |  1  2  3  4  5  6  7 |
---------------+----------------------+-----
Axes           | 3 4 5 6 7 |  7.6
Armour         | 4 5 6 |  6.2
Shields        | 4 5 6 |  6.1
Fighting       | 4 5 6 |  6.2

Action                     |  1- 3 |  4- 6 |  7- 9 || total
---------------------------+-------+-------+-------++-------
  Melee: War axe           |    65 |   129 |    62 ||   256
         Headbutt          |    11 |    14 |    18 ||    43
    Use: Scroll            |     4 |    10 |     2 ||    16
 Armour: Scale mail        |    16 |       |       ||    16
         Plate armour      |    38 |     4 |       ||    42
         Chain mail        |       |    97 |    80 ||   177
  Dodge: Dodged            |    20 |    54 |    30 ||   104
  Block: Buckler           |    12 |    32 |    24 ||    68
